 Dungeon Crawl Stone Soup version 0.28.0-53-g5a82cb258f (webtiles) character file.

Game seed: 3153744970126687602

97789 H0rd4k the Nimble (level 16, -9/124 (131) HPs)
             Began as a Human Artificer on June 21, 2022.
             Was an Initiate of Gozag.
             Mangled by an alligator (24 damage)
             ... on level 1 of the Swamp on June 23, 2022.
             The game lasted 01:23:45 (40888 turns).

H0rd4k the Nimble (Human Artificer)                Turns: 40888, Time: 01:23:47

HP:   -9/124 (131)  AC: 24    Str: 20    XL:     16   Next: 71%
MP:   29/29         EV: 14    Int: 31    God:    Gozag
Gold: 1088          SH:  0    Dex: 16    Spells: 20/33 levels left

rFire   x . .      SeeInvis +   E - +9 battleaxe of Fortitude {vorpal, Drain rN+ Will+ rCorr Int+3 SInv}
rCold   + . .      Faith    .   (shield currently unavailable)
rNeg    + . .      Spirit   .   l - +4 chain mail of Inut {rF- Regen+ Int+8}
rPois   +          Reflect  .   w - +0 helmet {Int+3}
rElec   +          Harm     .   L - +1 cloak
rCorr   +          Rampage  .   i - +0 pair of gloves {Str+3}
Will    ++...                   F - +2 pair of boots
Stlth   ..........              d - amulet of the acrobat
HPRegen 1.10/turn               N - ring of the Crushed Shrikes {*Slow rElec rPois rC+ Str+4 Slay+2}
MPRegen 0.21/turn               I - +4 ring of protection

@: gold aura, drained
A: no striking features
a: Renounce Religion, Potion Petition, Call Merchant, Bribe Branch


You were on level 1 of the Swamp.
You worshipped Gozag.
Gozag was most pleased with you.
You visited 5 branches of the dungeon, and saw 22 of its levels.

You collected 8017 gold pieces.
You spent 3799 gold pieces at shops.
You paid 3130 gold pieces to Gozag.

Inventory:

Hand Weapons
 m - a +5 dagger of draining
 E - the +9 battleaxe of Fortitude (weapon) {vorpal, Drain rN+ Will+ rCorr Int+3 SInv}
   (You bought it in a shop on level 2 of the Orcish Mines)

   It inflicts extra damage upon your enemies.
   Int:       It affects your intelligence (+3).
   rN:        It protects you from negative energy.
   SInv:      It lets you see invisible.
   rCorr:     It protects you from acid and corrosion.
   Drain:     It drains your maximum health when unequipped.
   Will:      It increases your willpower.
Armour
 i - a +0 pair of gloves of strength (worn)
 l - the +4 chain mail of Inut (worn) {rF- Regen+ Int+8}
   (You bought it in a shop on level 9 of the Dungeon)

   Int:       It affects your intelligence (+8).
   rF:        It makes you vulnerable to fire.
   Regen:     It increases your rate of health regeneration.
 o - the +3 warlock's mirror {reflect}
   (You bought it in a shop on level 9 of the Dungeon)

   It can block and reflect piercing ranged attacks and magical attacks against
   the wielder's willpower.
 w - a +0 helmet of intelligence (worn)
 F - a +2 pair of boots (worn)
 L - a +1 cloak (worn)
Jewellery
 d - an amulet of the acrobat (around neck)
 g - a ring of protection from fire
 A - a ring of resist corrosion
 I - a +4 ring of protection (right hand)
 N - the ring of the Crushed Shrikes (left hand) {*Slow rElec rPois rC+ Str+4 Slay+2}
   (You bought it in a shop on level 9 of the Dungeon)

   [ring of poison resistance]

   Str:       It affects your strength (+4).
   Slay:      It affects your accuracy & damage with ranged weapons and melee
   (+2).
   rC:        It protects you from cold.
   rElec:     It insulates you from electricity.
   rPois:     It protects you from poison.
   *Slow:     It may slow you when you take damage.
Wands
 K - a wand of polymorph (1)
Scrolls
 b - 3 scrolls of silence
 c - 2 scrolls of magic mapping
 h - a scroll of identify
 j - a scroll of teleportation
 k - 8 scrolls of fog
 q - a scroll of summoning {unknown}
 y - a scroll of fear
Potions
 a - a potion of haste
 f - 8 potions of curing
 n - 4 potions of ambrosia
 s - 2 potions of cancellation
 u - a potion of mutation
 C - a potion of attraction {unknown}
 D - 2 potions of magic
 H - a potion of flight {unknown}
 J - a potion of resistance
 M - 2 potions of might
 O - a potion of brilliance {unknown}
Miscellaneous
 e - a piece from Xom's chessboard (14/15)


   Skills:
 + Level 13.6 Fighting
 - Level 13.0 Short Blades
 * Level 6.3(6.6) Axes
 + Level 2.5(4.8) Maces & Flails
 + Level 3.7 Armour
 - Level 14.5 Dodging
 - Level 1.0 Stealth
 - Level 3.0 Shields
 + Level 9.0 Spellcasting
 + Level 9.0 Translocations
 + Level 6.8 Evocations


You had 20 spell levels left.
You knew the following spells:

 Your Spells              Type           Power      Damage    Failure   Level
a - Blink                 Tloc           100%       N/A       1%          2
b - Teleport Other        Tloc           63%        N/A       2%          3
c - Manifold Assault      Tloc           63%        N/A       24%         5
d - Summon Guardian Gole  Hex/Summ       13%        N/A       73%         3

Your spell library contained the following spells:

 Spells                   Type           Power      Damage    Failure   Level
 Apportation              Tloc           100%       N/A       1%          1
 Gell's Gravitas          Tloc           63%        N/A       2%          3
 Lesser Beckoning         Tloc           63%        N/A       2%          3
 Passage of Golubria      Tloc           63%        N/A       9%          4
 Freeze                   Ice            52%        1d7       36%         1
 Magic Dart               Conj           52%        1d5       36%         1
 Sting                    Tmut/Pois      52%        1d5       36%         1
 Summon Small Mammal      Summ           52%        N/A       36%         1
 Call Imp                 Summ           13%        N/A       50%         2
 Corpse Rot               Necr/Air       26%        N/A       50%         2
 Ensorcelled Hibernation  Hex/Ice        26%        N/A       50%         2
 Poisonous Vapours        Pois/Air       26%        N/A       50%         2
 Call Canine Familiar     Summ           13%        N/A       73%         3
 Frozen Ramparts          Ice            26%        1d4       73%         3
 Mephitic Cloud           Conj/Pois/Air  13%        N/A       73%         3
 Spider Form              Tmut/Pois      13%        N/A       73%         3
 Tukima's Dance           Hex            13%        N/A       73%         3
 Anguish                  Hex/Necr       6%         N/A       98%         4
 Animate Armour           Summ/Erth      26%        N/A       98%         4
 Animate Dead             Necr           6%         N/A       98%         4
 Dispel Undead            Necr           13%        3d9       98%         4
 Hailstorm                Conj/Ice       13%        3d5       98%         4
 Olgreb's Toxic Radiance  Pois           13%        N/A       98%         4
 Alistair's Intoxication  Tmut/Pois      8%         N/A       100%        5
 Blade Hands              Tmut           6%         N/A       100%        5
 Borgnjor's Vile Clutch   Necr/Erth      6%         N/A       100%        5
 Freezing Cloud           Conj/Ice/Air   6%         6-21      100%        5
 Yara's Violent Unravell  Hex/Tmut       6%         3d5       100%        5
 Death Channel            Necr           6%         N/A       100%        6
 Iron Shot                Conj/Erth      6%         9d2       100%        6
 Simulacrum               Ice/Necr       6%         N/A       100%        6
 Chain Lightning          Conj/Air       6%         3d8       100%        9
 Fire Storm               Conj/Fire      6%         8d2       100%        9
 Polar Vortex             Ice            6%         N/A       100%        9
 Shatter                  Erth           6%         3d9*      100%        9


Dungeon Overview and Level Annotations

Branches:
Dungeon (11/15)            Temple (1/1) D:5            Lair (6/6) D:9
  Swamp (2/4) Lair:3        Snake (0/4) Lair:2        Slime (0/5) Lair:6
    Orc (2/2) D:11            Elf (0/3) Orc:2

Altars:
Ashenzari
Dithmenos
Elyvilon
Fedhas
Gozag
Hepliaklqana
Kikubaaqudgha
Makhleb
Nemelex Xobeh
Okawaru
Qazlal
Ru
Sif Muna
Trog
Uskayaw
Vehumet
Xom
Yredelemnul
Zin
The Shining One
Beogh
Jiyva

Shops:
D:9 [[=   Orc:2 [(=!

Portals:
Abyss: D:10

Annotations:
D:4 2 runed translucent doors, exclusion: 2 doors, Menkaure; Zeus21348's ghost, amateur HOMo
D:5 exclusion: 3 killer bees
D:8 exclusion: wraith
D:9 2 transporters, exclusion: 2 downstairs, H0rd4k's ghost, novice DEWz
D:10 2 transporters, DildoBatman's ghost, journeyman FoCj
Lair:3 exclusion: 2 downstairs
Lair:5 exclusion: downstairs
Swamp:1 exclusion: downstairs


Message History

The spriggan druid hits you with a +0 quarterstaff.
The alligator misses you.
The alligator tail-slaps you but does no damage.
The spriggan druid hits you but does no damage.
You hit the alligator.
The alligator is heavily wounded.
You slash the spriggan druid!
With its final breath, the spriggan druid offers up its power to the beasts of the wild!
The alligator is healed.
The alligator seems to grow more fierce.
You kill the spriggan druid!
You hear a splash. x2
The alligator closely misses you.
The alligator tail-slaps you but does no damage.
The alligator bites you! The alligator tail-slaps you.
You slash the alligator!
The alligator is heavily wounded.
The alligator misses you.
The alligator tail-slaps you but does no damage.
The alligator misses you. The alligator barely misses you.
Unknown command.
You slice the alligator!!
The alligator is almost dead.
The alligator bites you!! The alligator tail-slaps you.
Unknown command.
You hit the alligator.
The alligator is almost dead.
The alligator bites you!!
* * * LOW HITPOINT WARNING * * *
The alligator barely misses you. The alligator bites you!
* * * LOW HITPOINT WARNING * * *
The alligator tail-slaps you but does no damage.
You closely miss the alligator.
The alligator is almost dead.
The alligator bites you!
* * * LOW HITPOINT WARNING * * *
The alligator tail-slaps you but does no damage.
The alligator bites you!!
You die...
Your body crumbles into a pile of gold.

♣......♣≈...♣
♣≈≈≈....§≈≈≈♣♣
.≈≈≈.≈≈..≈≈≈.♣♣♣♣♣♣♣♣
≈≈≈≈..≈..≈≈.≈≈...♣≈.♣
≈≈≈....≈♣≈>≈♣♣≈≈≈≈..♣
≈≈≈.....≈.≈♣♣♣..≈.≈.♣
≈≈≈≈.....♣♣♣ ♣♣..≈≈.♣
.≈≈....≈≈♣♣ ♣♣.$≈.♣
.≈≈≈.≈≈§≈.♣♣♣ ♣@...♣
.≈≈..≈≈≈≈..≈♣♣ ♣♣t.♣♣
...≈.≈≈≈.≈≈≈.♣ ♣♣≈♣
.≈≈♣♣♣≈≈.§≈≈.♣ ♣♣♣
♣♣♣♣§≈♣♣≈≈≈≈.♣♣ ♣
♣≈^♣♣♣.≈≈≈.≈♣♣♣ ♣♣♣♣
♣♣...≈.≈.♣ ♣..(♣≈≈≈.♣
♣..♣♣≈..≈♣


You could see an alligator (strong).

Vanquished Creatures
  A thorn hunter (Swamp:1)
  4 eleionomae
  A shambling mangrove (Swamp:1)
  Harold (Lair:2)
  7 hydras
  2 catoblepae (Lair:6)
  2 ghost crabs (Swamp:2)
  A boulder beetle (D:11)
  2 alligators (Lair:3)
  13 death yaks
  2 two-headed ogres
  5 orc high priests (Orc:2)
  Sonja (Lair:2)
  6 goliath frogs
  A swamp dragon (Swamp:1)
  2 spriggan druids (Swamp:1)
  3 bog bodies
  A lindwurm (Lair:4)
  Pikel (D:7)
  A deep elf pyromancer (D:10)
  6 orc knights
  A will-o-the-wisp (Lair:3)
  2 orc sorcerers
  An ugly thing (D:11)
  2 cyclopes (D:11)
  19 elephants
  Joseph (D:7)
  4 black mambas
  Maggie (D:8)
  An unseen horror (D:10)
  18 cane toads
  10 rime drakes
  9 komodo dragons
  2 polar bears
  A queen bee (Lair:1)
  4 hornets
  2 trolls
  49 blink frogs
  2 tyrant leeches (Lair:6)
  10 dream sheep (Lair:5)
  11 wyverns
  4 spriggans
  A wraith (D:10)
  70 yaks
  6 steam dragons
  4 basilisks
  5 vampire mosquitoes
  A warg (Orc:2)
  4 nagas (Lair:2)
  4 swamp worms
  14 water moccasins
  An acid dragon (Lair:2)
  Duvessa (D:7)
  A swamp drake (Swamp:1)
  30 orc warriors
  A sky beast (D:7)
  6 black bears
  3 necrophages
  14 wolves
  5 ogres
  6 centaurs
  A lemure (D:8)
  19 bullfrogs
  A wyvern zombie (D:6)
  2 scorpions
  Dowan (D:7)
  33 killer bees
  A wight (D:7)
  An electric eel (Lair:6)
  2 howler monkeys (D:7)
  5 centaur zombies
  A hound (D:7)
  2 jellies
  25 orc priests
  A bullfrog skeleton (D:7)
  Jessica (D:2)
  A centaur skeleton (D:5)
  An iguana (D:4)
  11 orc wizards
  A killer bee zombie (D:7)
  A howler monkey zombie (D:9)
  3 gnolls (D:5)
  4 adders
  5 white imps
  An ufetubus (D:6)
  3 worms
  A dart slug (D:4)
  72 orcs
  7 ball pythons
  5 endoplasms
  2 giant cockroaches
  5 goblins
  9 hobgoblins
  5 jackals
  3 quokkas
  2 bats (D:2)
  2 frilled lizards (D:2)
  10 kobolds
  2 rats
  A briar patch (Swamp:1)
647 creatures vanquished.

Vanquished Creatures (collateral kills)
  A hydra (Swamp:1)
  A rime drake (Lair:2)
  2 swamp worms (Swamp:1)
  3 wights (D:7)
  An iguana (D:7)
  3 orc wizards (D:7)
  2 orcs (D:7)
13 creatures vanquished.

Vanquished Creatures (others)
  A rime drake (Lair:2)
  A tyrant leech (Swamp:1)
  3 steam dragons (Lair:2)
  A swamp worm (Swamp:2)
  A swamp drake (Swamp:1)
  An ogre (D:7)
  A bullfrog (D:7)
  A wight (D:7)
  A centaur zombie (D:8)
  An orc priest (D:11)
  2 orc wizards (D:7)
  3 bushes (Lair:6)
  4 foxfires (Lair:3)
  109 fungi
  220 plants
350 creatures vanquished.

Grand Total: 1010 creatures vanquished

Notes
Turn   | Place    | Note
-------+----------+-------------------------------------------
     0 | D:1      | H0rd4k the Human Artificer began the quest for the Orb.
     0 | D:1      | Reached XP level 1. HP: 15/15 MP: 1/1
   358 | D:1      | Found a faded altar of an unknown god.
   398 | D:1      | Reached XP level 2. HP: 18/21 MP: 2/2
  1374 | D:2      | Reached XP level 3. HP: 26/26 MP: 3/3
  1865 | D:2      | Reached skill level 1 in Maces & Flails
  2263 | D:2      | Noticed Jessica
  2267 | D:2      | Killed Jessica
  2268 | D:2      | Reached XP level 4. HP: 32/32 MP: 4/4
  3088 | D:3      | Reached skill level 2 in Dodging
  3088 | D:3      | Reached XP level 5. HP: 6/38 MP: 5/5
  3384 | D:3      | Found a broken altar of Ashenzari.
  3978 | D:4      | Noticed Menkaure
  4392 | D:4      | Found a runed translucent door.
  4394 | D:4      | Noticed Zeus21348's ghost (amateur HOMo)
  4638 | D:4      | Reached XP level 6. HP: 30/44 MP: 6/6
  4772 | D:4      | Found a runed translucent door.
  4860 | D:4      | Reached skill level 1 in Short Blades
  4860 | D:4      | Reached skill level 3 in Dodging
  5289 | D:5      | Entered Level 5 of the Dungeon
  5298 | D:5      | Found a staircase to the Ecumenical Temple.
  5310 | Temple   | Entered the Ecumenical Temple
  5348 | Temple   | Became a worshipper of Gozag Ym Sagoz the Greedy
  5454 | D:5      | Noticed a black bear
  5461 | D:5      | Killed a black bear
  5564 | D:5      | Reached XP level 7. HP: 39/51 MP: 7/7
  6286 | D:5      | Reached skill level 4 in Dodging
  6845 | D:5      | Reached XP level 8. HP: 39/58 MP: 8/8
  7320 | D:6      | Reached skill level 5 in Dodging
  8294 | D:7      | Noticed Joseph
  8600 | D:7      | Reached skill level 5 in Short Blades
  8761 | D:7      | Reached XP level 9. HP: 62/66 MP: 9/9
  9102 | D:7      | Reached skill level 6 in Dodging
  9102 | D:7      | Reached skill level 5 in Evocations
  9261 | D:7      | Killed Joseph
  9558 | D:7      | Noticed Duvessa
  9703 | D:7      | Noticed Pikel
  9923 | D:8      | Noticed Maggie
  9933 | D:8      | Killed Maggie
  9934 | D:8      | Reached skill level 5 in Fighting
  9971 | D:8      | Reached skill level 7 in Dodging
 10586 | D:7      | Reached XP level 10. HP: 57/74 MP: 10/10
 12155 | D:7      | Noticed Dowan
 12212 | D:7      | Killed Duvessa
 12214 | D:7      | Killed Dowan
 12215 | D:7      | Reached skill level 8 in Dodging
 12274 | D:7      | Killed Pikel
 13024 | D:7      | Reached skill level 1 in Spellcasting
 13607 | D:9      | Noticed a two-headed ogre
 13608 | D:9      | Noticed a two-headed ogre
 13610 | D:9      | Noticed a tengu warrior
 13615 | D:9      | Noticed a moth of wrath
 13888 | D:9      | Noticed H0rd4k's ghost (novice DEWz)
 13889 | D:9      | Found a transporter.
 13891 | D:9      | Found a bloodstained altar of Trog.
 13902 | D:9      | Found a transporter.
 14186 | D:9      | Reached skill level 9 in Dodging
 14443 | D:9      | Found a staircase to the Lair.
 14555 | D:9      | Reached XP level 11. HP: 68/83 MP: 14/14
 15011 | D:9      | Noticed a two-headed ogre
 15022 | D:9      | Killed a two-headed ogre
 15390 | D:9      | Learned a level 2 spell: Blink
 15428 | D:10     | Entered Level 10 of the Dungeon
 15563 | Lair:1   | Entered Level 1 of the Lair of Beasts
 15968 | Lair:1   | Noticed a five-headed hydra
 15980 | Lair:1   | Killed a five-headed hydra
 16073 | Lair:1   | Reached skill level 1 in Translocations
 16495 | Lair:1   | Reached skill level 10 in Dodging
 17198 | Lair:2   | Noticed Sonja
 17200 | Lair:2   | Killed Sonja
 17285 | Lair:2   | Reached XP level 12. HP: 84/92 MP: 18/18
 17757 | Lair:2   | Reached skill level 10 in Short Blades
 17953 | Lair:2   | Reached skill level 5 in Spellcasting
 18303 | Lair:2   | Noticed a six-headed hydra
 18327 | Lair:2   | Killed a six-headed hydra
 18555 | Lair:2   | Noticed Harold
 18592 | Lair:2   | Killed Harold
 19014 | Lair:2   | Found a staircase to the Snake Pit.
 19123 | Lair:2   | Learned a level 3 spell: Teleport Other
 19838 | Lair:3   | Reached skill level 11 in Dodging
 20045 | Lair:3   | Noticed a death yak
 20045 | Lair:3   | Noticed a death yak
 20045 | Lair:3   | Noticed a death yak
 20087 | Lair:3   | Killed a death yak
 20295 | Lair:3   | Noticed a death yak
 20295 | Lair:3   | Noticed a death yak
 20345 | Lair:3   | Killed a death yak
 20346 | Lair:3   | Reached XP level 13. HP: 83/101 MP: 21/21
 20704 | Lair:3   | Reached skill level 5 in Translocations
 21159 | D:9      | Bought a +0 pair of gloves of strength for 207 gold pieces
 21159 | D:9      | Bought the +3 warlock's mirror {reflect} for 720 gold
                  | pieces
 21159 | D:9      | Found the +3 warlock's mirror {reflect}
 21159 | D:9      | Bought a +0 helmet of intelligence for 207 gold pieces
 21274 | Lair:3   | Found a staircase to the Swamp.
 22036 | Lair:3   | Reached skill level 12 in Dodging
 22411 | Lair:3   | Reached skill level 10 in Fighting
 22815 | Lair:3   | Reached skill level 1 in Shields
 23272 | Lair:3   | Identified the +6 quarterstaff of Temperance {holy, *Noise
                  | *Corrode rElec Dex+6}
 23383 | Lair:3   | Learned a level 5 spell: Manifold Assault
 24079 | Lair:4   | Noticed a six-headed hydra
 25013 | Lair:4   | Killed a six-headed hydra
 25014 | Lair:4   | Reached XP level 14. HP: 73/110 MP: 24/24
 26340 | D:10     | Found a one-way gate to the infinite horrors of the Abyss.
 26340 | D:10     | Noticed DildoBatman's ghost (journeyman FoCj)
 26349 | D:10     | Found a transporter.
 27058 | D:9      | Bought the +4 chain mail of Inut {rF- Regen+ Int+8} for 578
                  | gold pieces
 27809 | Lair:4   | Reached skill level 13 in Dodging
 29537 | Lair:6   | Entered Level 6 of the Lair of Beasts
 30203 | Lair:5   | Reached XP level 15. HP: 68/119 MP: 27/27
 30694 | Lair:6   | Found a staircase to the Slime Pits.
 30695 | Lair:6   | Found a viscous altar of Jiyva.
 32253 | Lair:6   | Reached skill level 14 in Dodging
 33676 | D:10     | Found a transporter.
 34057 | D:11     | Found a staircase to the Orcish Mines.
 34629 | D:11     | Found a shadowy altar of Dithmenos.
 35172 | Orc:1    | Entered Level 1 of the Orcish Mines
 35443 | Orc:2    | Entered Level 2 of the Orcish Mines
 35997 | Orc:2    | Found a staircase to the Elven Halls.
 36143 | Orc:2    | Paralysed by an orc sorcerer for 3 turns
 36271 | Orc:2    | Reached XP level 16. HP: 106/129 MP: 29/29
 37939 | Orc:2    | Found Neroc's Armour Shoppe.
 37942 | Orc:2    | Found Folaoby's Jewellery Emporium.
 37943 | Orc:2    | Found Nuifuo's Distillery.
 37944 | Orc:2    | Found Jeukketa's Weapon Shoppe.
 38356 | Orc:2    | Bought the +9 battleaxe of Fortitude {vorpal, Drain rN+
                  | Will+ rCorr Int+3 SInv} for 1148 gold pieces
 38557 | D:9      | Bought the ring of the Crushed Shrikes {*Slow rElec rPois
                  | rC+ Str+4 Slay+2} for 939 gold pieces
 38666 | Swamp:1  | Entered Level 1 of the Swamp
 38977 | Lair:3   | Reached skill level 1 in Axes
 39747 | Swamp:1  | HP: 1/131 [eleionoma/spray of wooden splinters (11)]
 39880 | Swamp:1  | Found a bloodstained altar of Trog.
 40045 | Swamp:1  | Noticed a thorn hunter
 40144 | Swamp:1  | Killed a thorn hunter
 40145 | Swamp:1  | Reached skill level 5 in Axes
 40434 | Swamp:2  | Learned a level 3 spell: Summon Guardian Golem
 40888 | Swamp:1  | Mangled by an alligator

Illustrated notes

Levels and vault maps discovered:
D:1:      doesnt_arrival_eight_statues, layout_basic,
          shapermc_ecumenical_altar_mp_urbaneastern, interstate_on_off,
          minmay_misc_feat_rows
D:2:      layout_basic, minmay_pentomino_p4, uniq_jessica
D:3:      layout_rooms, cheibrodos_ashenzari_chains
D:4:      layout_cave_pods, ebering_ghost_sewer_f,
          chequers_serial_rivers_large_b, uniq_menkaure
D:5:      layout_loops_corners, minmay_temple_entry_large_hall, nrook_uturn,
          lemuel_flamethrower_2
D:6:      layout_rooms, hex_medium
D:7:      minmay_flawed_box, layout_layer_cave, uniq_pikel, uniq_joseph,
          uniq_duvessa
D:8:      minmay_razor_zed, layout_gridville,
          nicolae_ossuary_entry_false_entrances, uniq_maggie
D:9:      layout_irregular_city, due_lair_maze_entry_diamond,
          gammafunk_ghost_wrathful_warriors
D:10:     layout_basic, gammafunk_ghost_abyssal_escape
D:11:     layout_layer_cave, david_orc_5, hex_tiny, grunt_dithmenos_smoke
Temple:   nicolae_temple_the_god_donut
Lair:1:   layout_hall_layers, special_room [special_room_bee],
          lemuel_fruit_fields
Lair:2:   layout_regular_city, minmay_snake_entry_guardpost_small,
          bobbens_dragon_lair_wall, uniq_sonja, uniq_harold
Lair:3:   layout_small_grid, minmay_swamp_entry_wisps, lemuel_fruit_tree
Lair:4:   layout_misc_corridors
Lair:5:   layout_regular_city
Lair:6:   minmay_lair_end_frog_pond, layout_regular_city, slime_altar_1,
          nicolae_lair_grazing_beasts [nicolae_sub_lair_graze_edge,
          nicolae_sub_lair_graze_edge, nicolae_sub_lair_graze_edge,
          nicolae_sub_lair_graze_edge]
Swamp:1:  layout_basic_swamp, basic_altar
Swamp:2:  layout_basic_swamp, evilmike_swamp_ruin_rubble_1,
          infiniplex_staircase_pool
Orc:1:    layout_caves, basic_altar, nicolae_orc_tapped_out
Orc:2:    st_orc_pillars, layout_diamond_mine

Skill      XL: |  1  2  3  4  5  6  7  8  9 10 11 12 13 14 15 16 |
---------------+-------------------------------------------------+-----
Maces & Flails | 1 2 |  2.5
Dodging        | 2 3 4 5 7 9 10 11 12 13 14 | 14.5
Evocations     | 4 5 6 |  6.8
Fighting       | 2 3 4 5 6 8 9 10 11 12 13 | 13.6
Short Blades   | 2 3 5 7 8 9 10 11 12 13 | 13.0
Spellcasting   | 2 4 5 7 8 9 |  9.0
Translocations | 2 4 6 8 9 |  9.0
Shields        | 2 3 |  3.0
Axes           | 6 |  6.3
Armour         | 3 |  3.7
Stealth        | |  1.0

Action                   |  1- 3 |  4- 6 |  7- 9 | 10-12 | 13-15 | 16-18 || total
-------------------------+-------+-------+-------+-------+-------+-------++-------
Melee: Club              |   125 |       |       |       |       |       ||   125
       Punch             |     2 |     5 |     6 |    25 |     5 |       ||    43
       Dagger            |       |   160 |   531 |  1527 |  4069 |   575 ||  6862
       Battleaxe         |       |       |       |       |       |   231 ||   231
 Cast: Blink             |       |       |       |       |       |     1 ||     1
Invok: Call Merchant     |       |       |       |       |     2 |     1 ||     3
       Potion Petition   |       |       |       |       |       |     1 ||     1
Evoke: Wand              |     8 |     5 |    18 |    18 |    15 |     6 ||    70
       Piece from Xom's  |       |       |     3 |     3 |     1 |     1 ||     8
  Use: Potion            |       |       |     3 |     1 |     1 |     3 ||     8
       Scroll            |       |       |     1 |    16 |     7 |     5 ||    29
 Stab: Sleeping          |     2 |     2 |       |       |       |       ||     4
       Paralysed         |       |       |     2 |     4 |       |       ||     6
       Distracted        |       |       |       |     2 |     6 |     5 ||    13
       Petrified         |       |       |       |     4 |     6 |       ||    10
Armor: Leather armour    |    52 |    52 |   145 |   293 |   258 |       ||   800
       Chain mail        |       |       |       |       |   934 |   329 ||  1263
Dodge: Dodged            |    88 |    92 |   310 |   843 |  1823 |   471 ||  3627
Block: Buckler           |       |       |       |       |  1150 |   119 ||  1269
       Reflection        |       |       |       |       |    19 |     3 ||    22
